 Dungeon Crawl Stone Soup version 0.19-a0-1882-gbb73ea0 (console) character file.

32 brucemayne the Chopper (level 3, -1/31 HPs)
             Began as a Hill Orc Monk on Oct 14, 2016.
             Slain by Edmund
             ... wielding a +2 flail of draining
              (3 damage)
             ... on level 4 of the Dungeon.
             The game lasted 00:03:55 (991 turns).

brucemayne the Chopper (Hill Orc Monk)               Turns: 991, Time: 00:03:56

Health: -1/31      AC:  4    Str: 14    XL:     3   Next: 27%
Magic:  3/3        EV: 17    Int: 10    God:
Gold:   66         SH:  0    Dex: 18    Spells: 0 memorised, 2 levels left

rFire  . . .     SeeInvis .     a - +1 hand axe
rCold  . . .     Gourm    .     b - +0 robe
rNeg   . . .     Faith    .     (no shield)
rPois  .         Spirit   .     d - +1 helmet
rElec  .         Dismiss  .     (no cloak)
rCorr  .         Reflect  .     (no gloves)
MR     .....     Harm     .     (no boots)
Stlth  +++.......               (no amulet)
                                (no ring)
                                (no ring)

@: agile, lethally poisoned (-1 -> -10), heavily drained
A: no striking features
a: no special abilities


You were on level 4 of the Dungeon.
You were not hungry.

You visited 1 branch of the dungeon, and saw 5 of its levels.

You collected 66 gold pieces.

Inventory:

Hand Weapons
 a - a +1 hand axe (weapon)
Missiles
 g - a tomahawk of dispersal (quivered)
Armour
 b - a +0 robe (worn)
 d - a +1 helmet (worn)
Wands
 j - a wand of slowing (13/48)
Scrolls
 e - a scroll of enchant armour {unknown}
 h - 2 scrolls of remove curse
 l - a scroll of identify
Potions
 i - a potion of magic
 m - a potion of agility
Comestibles
 c - 2 bread rations
 f - a beef jerky


   Skills:
 - Level 3.6(1.9) Fighting
 + Level 5.7(3.9) Axes
 - Level 2.4(0.8) Dodging
 - Level 1.5(0.0) Stealth


You had 2 spell levels left.
You didn't know any spells.

Dungeon Overview and Level Annotations

Branches:
Dungeon (5/15)
 Temple: D:4-7

Altars:
Vehumet

Annotations:
D:3 Sigmund
D:4 exclusion: downstairs, Edmund; p0werm0de's ghost, amateur TrEn


Message History

You feel drained.
* * * LOW HITPOINT WARNING * * *
The scorpion barely misses you.
Unknown command.
You hit the scorpion but do no damage.
The scorpion is severely wounded.
You hit Edmund.
* * * LOW HITPOINT WARNING * * *
You feel sick.
Edmund hits you with a flail of draining.
* * * LOW HITPOINT WARNING * * *
You feel drained.
* * * LOW HITPOINT WARNING * * *
You hit the scorpion but do no damage.
The scorpion is severely wounded.
You closely miss Edmund.
* * * LOW HITPOINT WARNING * * *
You feel sick.
Edmund hits you with a flail of draining.
You die...

......### ......'..
......### ..... ####
#########
#####........
#.#######...#........
#..s@@..'...'........
#########...#........
#...#........
#...######### #...#
#...# #...# #...#
#####


You could see Edmund and a scorpion.

Vanquished Creatures
  An adder (D:2)
  2 giant cockroaches
  4 goblins
  2 hobgoblins
  2 quokkas
  A ball python (D:3)
  2 bats
  4 frilled lizards
  A kobold (D:2)
  4 rats
23 creatures vanquished.

Notes
Turn   | Place    | Note
-------+----------+-------------------------------------------
     0 | D:1      | brucemayne the Hill Orc Monk began the quest for the Orb.
     0 | D:1      | Reached XP level 1. HP: 19/19 MP: 1/1
     2 | D:1      | Noticed a troll
     2 | D:1      | Noticed a minotaur
     4 | D:1      | Noticed a spriggan
     6 | D:1      | Noticed a gargoyle
     6 | D:1      | Noticed a merfolk
     8 | D:1      | Noticed a centaur
     8 | D:1      | Noticed a felid
    10 | D:1      | Noticed an ogre
    10 | D:1      | Noticed an octopode
    12 | D:1      | Noticed a demonspawn
    14 | D:1      | Noticed a formicid
    14 | D:1      | Noticed a tengu
    16 | D:1      | Noticed a human
    18 | D:1      | Noticed a demigod
    18 | D:1      | Noticed a ghoul
    20 | D:1      | Noticed a draconian
    20 | D:1      | Noticed a vine stalker
    22 | D:1      | Noticed a naga
    22 | D:1      | Noticed a dwarf
    24 | D:1      | Noticed a vampire
    24 | D:1      | Noticed a halfling
    26 | D:1      | Noticed an elf
   177 | D:2      | Found a faded altar of an unknown god.
   177 | D:2      | Found a faded altar of an unknown god.
   186 | D:2      | Reached XP level 2. HP: 20/26 MP: 2/2
   190 | D:2      | Found a radiant altar of Vehumet.
   192 | D:2      | Found a faded altar of an unknown god.
   194 | D:2      | Found a faded altar of an unknown god.
   202 | D:2      | Reached skill level 5 in Axes
   353 | D:2      | Reached XP level 3. HP: 18/31 MP: 3/3
   467 | D:3      | Noticed Sigmund
   526 | D:5      | Entered Level 5 of the Dungeon
   667 | D:4      | Noticed Edmund
   697 | D:4      | Noticed a scorpion
   724 | D:4      | Noticed p0werm0de's ghost (amateur TrEn)
   991 | D:4      | Slain by Edmund

Vault maps used:
D:1:      kb_arrival_jail
D:2:      chequers_temple_overflow_minitemple, corexii_item_surrounded_by_moat
D:3:      marbit_many_paths, first_bread, hangedman_decor_points, uniq_sigmund
D:4:      uniq_edmund
D:5:      kennysheep_generic_room_15, uniq_grinder, uniq_menkaure

Skill      XL: |  1  2 |
---------------+-------+-----
Axes           | 5 |  5.7
Fighting       | |  3.6
Dodging        | |  2.4
Stealth        | |  1.5

Action                   || total
-------------------------++-------
Melee: Hand axe          ||    79
Throw: Tomahawk          ||     1
Evoke: Wand              ||     7
  Use: Scroll            ||     5
       Potion            ||     2
 Stab: Sleeping          ||     1
Armor: Robe              ||    31
Dodge: Dodged            ||    83
